AoeStats
← Fenix

Arabia

509755220Analyzed
4v4 RM · 6d ago on Sep 27, 2026· 29m 35s· 8 players
Game mode
Random Map
Map size
Large (8 player)
Population
200
Speed
Normal
Resources
Standard
Victory
Conquest
Starting age
Dark Age
Ending age
Imperial Age
RankedLock teamsTeams togetherTeam positionsShared explorationLock speedFull tech treeHidden civsTurbo modeCheats
Victory
Defeat
🇲🇽 Hindustanis · Mexico
1566
+12
🇭🇺 Magyars · Hungary
1520
+14
🇹🇼 Celts · Taiwan
1454
+17
🇵🇪 Burgundians · Peru
1372
+21
🇦🇷 Franks · Argentina
1532
-18
🇦🇷 Lithuanians · Argentina
1520
-18
🇦🇷 Koreans · Argentina
1431
-14
🇦🇷 Malay · Argentina
1420
-14
SimmaHem7912
8:40 Feudal Age
8:14 Loom
9:26 Double-Bit Axe
12:33 Fletching
21:25 Castle Age
19:34 Horse Collar
20:28 Gold Mining
22:03 Bodkin Arrow
22:54 Wheelbarrow
22:01 Crossbowman
23:17 Padded Archer Armor
25:03 Bow Saw
26:50 Scale Barding Armor
27:03 Leather Archer Armor
28:45 Ballistics
28:34 Thumb Ring
29:43 Heavy Plow
TheGooseTransporter
5:04 Loom
9:38 Feudal Age
10:15 Feudal Age
13:11 Fletching
14:35 Double-Bit Axe
16:38 Horse Collar
22:51 Castle Age
21:47 Gold Mining
22:56 Crossbowman
23:39 Bodkin Arrow
25:59 Ballistics
26:23 Padded Archer Armor
28:27 Wheelbarrow
29:11 Bow Saw
29:34 Leather Archer Armor
Fenix
6:28 Double-Bit Axe
6:47 Loom
10:17 Feudal Age
22:35 Castle Age
21:41 Gold Mining
22:48 Forging
24:09 Scale Barding Armor
24:01 Light Cavalry
24:08 Cavalier
Whale
6:18 Loom
9:08 Feudal Age
10:34 Double-Bit Axe
10:30 Horse Collar
15:02 Wheelbarrow
21:55 Castle Age
20:57 Scale Barding Armor
22:54 Bow Saw
22:07 Light Cavalry
27:18 Horse Collar
27:57 Gold Mining
27:58 Stone Mining
29:33 Chain Barding Armor
29:40 Forging
Ds3.EzE
8:44 Feudal Age
9:36 Double-Bit Axe
16:29 Bloodlines
17:02 Scale Barding Armor
18:00 Forging
20:04 Wheelbarrow
19:14 Loom
19:14 Horse Collar
22:50 Castle Age
21:07 Loom
21:47 Gold Mining
22:53 Light Cavalry
23:54 Chain Barding Armor
24:04 Hand Cart
25:15 Bow Saw
28:00 Iron Casting
Ds3.Marco Van Basten
6:49 Loom
10:00 Feudal Age
13:54 Fletching
21:46 Double-Bit Axe
22:12 Horse Collar
27:55 Castle Age
27:04 Crossbowman
Ds3.War Machine
6:34 Loom
9:19 Feudal Age
9:49 Double-Bit Axe
21:36 Castle Age
21:40 Wheelbarrow
21:10 Gold Mining
21:24 Scale Mail Armor
24:36 Fletching
28:22 Crossbowman
Ds3.sszafranko
5:57 Loom
8:43 Feudal Age
10:19 Double-Bit Axe
22:29 Castle Age
22:37 Scale Barding Armor
22:50 Town Watch
23:37 Chain Barding Armor
26:15 Husbandry
Connection lost

Rejoining the realm…

Still unreachable

The connection could not be restored.

Session expired

The server has moved on; the page needs a fresh start.